 Dungeon Crawl Stone Soup version 0.19.0-9-gfd783f2 (webtiles) character file.

175 LORDOFBUTT the Shield-Bearer (level 5, 0/41 HPs)
             Began as a Formicid Fighter on Nov 7, 2016.
             Slain by an orc priest
             ... wielding a +0 flail
              (4 damage)
             ... on level 3 of the Dungeon.
             The game lasted 00:02:23 (2052 turns).

LORDOFBUTT the Shield-Bearer (Formicid Fighter)     Turns: 2052, Time: 00:02:23

Health: 0/41       AC:  6    Str: 20    XL:     5   Next: 86%
Magic:  5/5        EV:  8    Int:  8    God:
Gold:   50         SH: 10    Dex: 11    Spells: 0 memorised, 4 levels left

rFire  . . .     SeeInvis +     a - +0 war axe
rCold  . . .     Gourm    .     b - +0 scale mail
rNeg   . . .     Faith    .     c - +0 shield
rPois  .         Spirit   .     (helmet unavailable)
rElec  .         Reflect  .     (no cloak)
rCorr  .         Harm     .     (no gloves)
MR     .....                    (no boots)
Stlth  ..........               (no amulet)
                                (no ring)
                                i - ring of loudness (curse)

@: lethally poisoned (0 -> -5)
A: permanent stasis, dig shafts and tunnels, four strong arms, antennae 3
a: Dig, Shaft Self


You were on level 3 of the Dungeon.
You were not hungry.

You visited 1 branch of the dungeon, and saw 3 of its levels.

You collected 50 gold pieces.

Inventory:

Hand Weapons
 a - a +0 war axe (weapon)
Armour
 b - a +0 scale mail (worn)
 c - a +0 shield (worn)
Jewellery
 i - a cursed ring of loudness (left hand)
 j - a +3 amulet of reflection {unknown}
Potions
 d - a potion of might
 e - 2 potions of invisibility {unknown}
 g - 2 potions of mutation {unknown}
 k - a potion of degeneration {unknown}
Comestibles
 f - 2 bread rations
 h - 2 meat rations
 l - a chunk of flesh


   Skills:
 - Level 3.2 Fighting
 + Level 4.2 Axes
 - Level 3.2 Armour
 + Level 5.7 Shields


You had 4 spell levels left.
You didn't know any spells.

Dungeon Overview and Level Annotations

Branches:
Dungeon (3/15)

Altars:
Dithmenos
Fedhas


Innate Abilities, Weirdness & Mutations

You are under a permanent stasis effect.
You can dig through walls and to a lower floor.
Your four strong arms can wield two-handed weapons with a shield.
You have a pair of large antennae on your head. (SInv)


Message History

The orc priest mumbles some strange prayers to Beogh against you.
Pain shoots through your body!
* * * LOW HITPOINT WARNING * * *
The adder bites you but does no damage.
You hit the orc priest.
The orc priest is almost dead.
You closely miss the orc. You hit the adder but do no damage.
You block the adder's attack.
The orc priest looks satisfied for a moment.
The adder barely misses you. The orc priest barely misses you.
You slash the orc priest!
You kill the orc priest!
You miss the adder. You hit the orc.
You kill the orc!
The adder bites you.
* * * LOW HITPOINT WARNING * * *
You are lethally poisoned!
The adder poisons you! The adder misses you. You block the orc wizard's attack.
The orc priest hits you with a flail.
You die...

#.........#..###.
#........[...###.
##.#.......#..##.
#.....###.#......
###..#.###..#.....)
###......# #.##......
####........###........)
.....##....###...######.
......o@#.%# ####...#...
).....So#### ##........
.......o# #.........
........# #.........
.......## #.........
###.... ##........ #....
##...#... ##### ########


You could see an orc priest, an orc wizard (invisible), an adder and an orc.

Vanquished Creatures
  An orc wizard (D:3)
  An orc priest (D:3)
  A worker ant zombie (D:3)
  3 adders (D:2)
  An ooze (D:1)
  A worm (D:2)
  3 dart slugs (D:1)
  3 leopard geckos (D:1)
  3 orcs (D:3)
  A ball python (D:3)
  5 giant cockroaches
  5 goblins
  6 hobgoblins
  4 jackals (D:2)
  A quokka (D:2)
  8 bats
  6 frilled lizards
  4 kobolds (D:1)
  3 rats (D:3)
60 creatures vanquished.

Vanquished Creatures (others)
  5 toadstools (D:1)
5 creatures vanquished.

Grand Total: 65 creatures vanquished

Notes
Turn   | Place    | Note
-------+----------+-------------------------------------------
     0 | D:1      | LORDOFBUTT the Formicid Fighter began the quest for the Orb.
     0 | D:1      | Reached XP level 1. HP: 18/18 MP: 1/1
   108 | D:1      | Reached XP level 2. HP: 24/24 MP: 2/2
   122 | D:1      | Reached skill level 4 in Shields
   207 | D:1      | Reached XP level 3. HP: 19/29 MP: 3/3
   613 | D:2      | Reached XP level 4. HP: 22/35 MP: 4/4
   687 | D:2      | Found a shadowy altar of Dithmenos.
   959 | D:2      | Reached skill level 5 in Shields
  1520 | D:2      | Found a blossoming altar of Fedhas.
  1670 | D:3      | Reached XP level 5. HP: 39/41 MP: 5/5
  1690 | D:3      | HP: 1/41 [orc wizard/puff of frost (8)]
  2052 | D:3      | Slain by an orc priest

Skill      XL: |  1  2  3  4  5 |
---------------+----------------+-----
Shields        | 4 5 |  5.7
Axes           | 3 4 |  4.2
Fighting       | |  3.2
Armour         | |  3.2

Action                   |  1- 3 |  4- 6 || total
-------------------------+-------+-------++-------
Melee: War axe           |    88 |   102 ||   190
  Use: Scroll            |     2 |       ||     2
  Eat: Chunk             |       |     4 ||     4
Armor: Scale mail        |    49 |    43 ||    92
Dodge: Dodged            |    34 |    33 ||    67
Block: Shield            |    43 |    64 ||   107
